 Dungeon Crawl Stone Soup version 0.29-a0-322-g68df515428 (webtiles) character file.

Game seed: 8793882711597221455

294 wakim the Insei (level 6, -2/41 HPs)
             Began as an Octopode Transmuter on Apr 5, 2022.
             Slain by a goblin
             ... wielding a +2 dagger of electrocution
              (19 damage)
             ... on level 3 of the Dungeon.
             The game lasted 00:11:29 (4217 turns).

wakim the Insei (Octopode Transmuter)               Turns: 4217, Time: 00:11:29

Health: -2/41      AC:  1    Str: 10    XL:     6   Next: 34%
Magic:  9/9        EV: 13    Int: 17    God:
Gold:   264        SH:  0    Dex: 12    Spells: 5/9 levels left

rFire   . . .      SeeInvis .   a - +4 short sword
rCold   . . .      Faith    .   (no shield)
rNeg    + . .      Spirit   .   (helmet currently unavailable)
rPois   .          Reflect  .   Z - amulet of the acrobat
rElec   .          Harm     .   O - ring of positive energy
rCorr   .          Rampage  .   (no ring)
Will    .....                   (no ring)
Stlth   +++.......              (no ring)
HPRegen 0.13/turn               (no ring)
MPRegen 0.11/turn               (no ring)
                                (no ring)
                                (no ring)

@: appendages
A: tentacle spike 3, almost no armour, amphibious, 8 rings, camouflage 1,
gelatinous body 1, (nimble swimmer 1), tentacles
a: End Transformation


You were on level 3 of the Dungeon.
One of your tentacles had grown a beastly spike.
You visited 1 branch of the dungeon, and saw 4 of its levels.

You collected 264 gold pieces.

Inventory:

Hand Weapons
 a - a +4 short sword (weapon)
Missiles
 W - 11 poisoned darts
Jewellery
 O - a ring of positive energy (left tentacle)
 Z - an amulet of the acrobat (around mantle)
Scrolls
 r - 3 scrolls of identify
 Q - a scroll of immolation {!r!r}
 T - 2 scrolls of teleportation
Potions
 F - 4 potions of curing
 L - 2 potions of lignification {!q}
 M - 3 potions of mutation {!q}
 N - 2 potions of might
 S - 2 potions of resistance {unknown}
 U - a potion of attraction {unknown}
 X - a potion of haste {unknown}


   Skills:
 + Level 2.8 Fighting
 - Level 2.0 Dodging
 - Level 3.0 Stealth
 * Level 4.9 Unarmed Combat
 - Level 2.0 Spellcasting
 * Level 3.5 Transmutations


You had 5 spell levels left.
You knew the following spells:

 Your Spells              Type           Power      Damage    Failure   Level
a - Beastly Appendage     Tmut           26%        N/A       4%          1
x - Spider Form           Tmut/Pois      7%         N/A       28%         3

Your spell library contained the following spells:

 Spells                   Type           Power      Damage    Failure   Level
 Wereblood                Tmut           13%        N/A       7%          2
 Passwall                 Tmut/Erth      5%         N/A       14%         2
 Sandblast                Erth           2%         2d4       19%         1
 Stone Arrow              Conj/Erth      2%         3d7       50%         3
 Ice Form                 Ice/Tmut       7%         N/A       67%         4


Dungeon Overview and Level Annotations

Branches:
Dungeon (4/15)
 Temple: D:4-7

Altars:
Qazlal

Shops:
D:2 (

Annotations:
D:2 1 runed translucent door, Crazy Yiuf


Innate Abilities, Weirdness & Mutations

One of your tentacles has grown a beastly spike.
You cannot wear most types of armour.
You are amphibious.
You can wear up to eight rings at the same time.
Your skin changes colour to match your surroundings (Stealth+).
Your rubbery body absorbs attacks. (AC +1, EV +1)
((You are camouflaged when in or above water. (Stealth+)))
You have tentacles for arms and can constrict up to eight enemies at once.


Message History

A goblin comes into view. It is wielding a +0 dagger.
The goblin attacks as you move away! The goblin completely misses you.
The goblin attacks as you move away! The goblin closely misses you.
There is a stone staircase leading up here.
You hit the goblin. You grab the goblin.
The goblin is severely wounded.
You constrict the goblin.
You kill the goblin!
The orc priest looks braver for a moment.
Casting: Beastly Appendage (safe; 4% risk of failure)
Confirm with . or Enter, or press ? or * to list all spells.
One of your tentacles grows a vicious spike.
You closely miss the goblin. Your grab misses the goblin.
Your squeeze misses the goblin. The goblin barely misses you.
You puncture the orc priest! You grab the orc priest.
Your tentacle spike misses the orc priest.
The orc priest is heavily wounded.
You constrict the orc priest. The orc priest closely misses you.
The goblin hits you with a +2 dagger of electrocution.
You are electrocuted! 25/41 (-16)
You hit the orc priest but do no damage.
The orc priest is heavily wounded.
You constrict the orc priest. The orc priest barely misses you.
The goblin misses you. x2; The orc priest barely misses you.
You puncture the orc priest!
You kill the orc priest!
The goblin hits you with a +0 dagger.
The goblin hits you with a +2 dagger of electrocution. 21/41 (-4)
The goblin closely misses you. The goblin misses you.
You climb upwards.
There is a stone staircase leading down here.
You barely miss the goblin. Your grab misses the goblin.
Your squeeze misses the goblin. The goblin hits you with a +0 dagger.
* * * LOW HITPOINT WARNING * * *
The goblin hits you with a +2 dagger of electrocution.
* * * LOW HITPOINT WARNING * * *
You are electrocuted!!
You die...

####.#...#.......###.......###
.....##'##.##.##...........#
.###.....#.##..#.......###.#
.........#.###.#.#.#.......#
≈≈≈..≈..##.# #.....#########
≈≈≈≈....##.# #.....#
#≈§#≈...##.###.....#
≈§≈'....#.......g..#
⌠_§#≈≈.##......g@#.#
§>§#....#......###.#
§§§#§..........###.#
###≈≈.........[....#
..≈≈≈≈.#############
...≈...#......#
≈.....≈#.####.# .......#.# #.#
#......#.# #.#


You could see 2 goblins.

Vanquished Creatures
  A scorpion (D:3)
  2 orc priests
  Terence (D:2)
  An orc wizard (D:3)
  5 adders
  4 worms (D:2)
  A dart slug (D:1)
  An orc (D:3)
  4 ball pythons
  9 endoplasms
  4 giant cockroaches
  8 goblins
  6 hobgoblins
  3 jackals (D:1)
  3 quokkas
  7 bats
  2 frilled lizards (D:1)
  A kobold (D:1)
  5 rats
68 creatures vanquished.

Notes
Turn   | Place    | Note
-------+----------+-------------------------------------------
     0 | D:1      | wakim the Octopode Transmuter began the quest for the Orb.
     0 | D:1      | Reached XP level 1. HP: 13/13 MP: 3/3
    73 | D:1      | Reached skill level 1 in Stealth
   111 | D:1      | Reached XP level 2. HP: 13/18 MP: 5/5
   728 | D:1      | !bestwep
   742 | D:1      | Found a faded altar of an unknown god.
   995 | D:1      | Reached XP level 3. HP: 23/23 MP: 4/6
  1651 | D:1      | Learned a level 3 spell: Spider Form
  1722 | D:2      | Found Batidis's Antique Weapon Boutique.
  1894 | D:2      | Reached XP level 4. HP: 29/29 MP: 5/7
  2082 | D:2      | Reached skill level 4 in Unarmed Combat
  2386 | D:2      | Noticed Terence
  2401 | D:2      | Killed Terence
  2529 | D:2      | Found a runed translucent door.
  2530 | D:2      | Noticed Crazy Yiuf
  2785 | D:3      | Reached XP level 5. HP: 34/34 MP: 8/8
  2891 | D:3      | Found a stormy altar of Qazlal.
  3735 | D:3      | Reached XP level 6. HP: 16/41 MP: 9/9
  4217 | D:3      | Slain by a goblin

Illustrated notes

.................#
.................#
..r..!...........#
.................#
.................#
.................# P
####....>......#
..P.#####.##########
♣P....@..#
PP♣.#####?# #.# #.#
#.# #.# #.# #..


Turn 728 on D:1: !bestwep

Levels and vault maps discovered:
D:1:      eino_arrival_druids_welcome, layout_basic,
          ebering_ecumenical_altar_petrified
D:2:      minmay_chambers_of_ones, layout_loops_ring, serial_shops, shop,
          uniq_terence, uniq_crazy_yiuf_cottage
D:3:      layout_basic, nicolae_qazlal_general_emergency, dk_vineyard_2
D:4:      layout_rooms, minmay_ogre_servants

Skill      XL: |  1  2  3  4  5 |
---------------+----------------+-----
Stealth        | 1 2 3 |  3.0
Fighting       | 2 |  2.8
Unarmed Combat | 4 |  4.9
Transmutations | 3 |  3.5
Dodging        | |  2.0
Spellcasting   | |  2.0

Action                   |  1- 3 |  4- 6 || total
-------------------------+-------+-------++-------
Melee: Unarmed           |    37 |    12 ||    49
       Constrict         |    19 |    12 ||    31
       Kick              |    23 |    11 ||    34
       Tentacles         |     9 |     9 ||    18
       Short sword       |    30 |    59 ||    89
       Punch             |     1 |       ||     1
 Cast: Beastly Appendage |    26 |    22 ||    48
       Spider Form       |       |     2 ||     2
  Use: Scroll            |     3 |     6 ||     9
       Potion            |       |     3 ||     3
 Stab: Sleeping          |     9 |    12 ||    21
Armor: Skin              |     6 |     2 ||     8
Dodge: Dodged            |    36 |    40 ||    76

Table legend: (Time is in decaauts)
 A = Elapsed time spent in this place.
 B = Non-inter-level travel time spent in this place.
 C = Inter-level travel time spent in this place.
 D = Time resting spent in this place.
 E = Time spent auto-exploring this place.
 F = Levels seen in this place.
 G = Mean time per level.
                   A        B        C        D        E       F      G
               +--------+--------+--------+--------+--------+-----+--------+
         Total |   4224 |   4053 |    171 |     99 |   3301 |   4 | 1056.0 |
       Dungeon |   4224 |   4053 |    171 |     99 |   3301 |   4 | 1056.0 |
               +--------+--------+--------+--------+--------+-----+--------+

Top non-repeatable levels by time:
     D:1: 1524 daAuts
     D:3: 1373 daAuts
     D:2: 1229 daAuts
     D:4: 96 daAuts
